 Dungeon Crawl Stone Soup version 0.19-a0-1912-g48530cd (webtiles) character file.

175 Firecrotchwizard the Skirmisher (level 5, -3/48 HPs)
             Began as a Hill Orc Fighter on Dec 16, 2016.
             Killed by nerve-wracking pain
             ... invoked by Grinder
              (6 damage)
             ... on level 3 of the Dungeon.
             The game lasted 00:04:59 (2154 turns).

Firecrotchwizard the Skirmisher (Hill Orc Fighter)  Turns: 2154, Time: 00:05:01

Health: -3/48      AC: 11    Str: 24    XL:     5   Next: 55%
Magic:  5/5        EV:  5    Int: 14    God:
Gold:   206        SH: 10    Dex: 11    Spells: 4/4 levels left

rFire  . . .     SeeInvis .     a - +0 flail
rCold  . . .     Faith    .     n - +0 chain mail
rNeg   . . .     Spirit   .     c - +0 shield
rPois  .         Reflect  .     e - +0 helmet
rElec  .                        (no cloak)
rCorr  +                        w - +0 pair of gloves
MR     .....                    (no boots)
Stlth  ..........               (no amulet)
                                m - +6 ring of intelligence
                                f - ring of resist corrosion

@: mighty, lethally poisoned (-3 -> -8)
A: no striking features
a: no special abilities


You were on level 3 of the Dungeon.
You were not hungry.

You visited 1 branch of the dungeon, and saw 3 of its levels.

You collected 206 gold pieces.

Inventory:

Hand Weapons
 a - a +0 flail (weapon)
Missiles
 t - 42 tomahawks
 u - 102 poisoned tomahawks (quivered)
Armour
 b - a +0 scale mail
 c - a +0 shield (worn)
 e - a +0 helmet (worn)
 n - a +0 chain mail (worn)
 w - a +0 pair of gloves (worn)
Jewellery
 f - a ring of resist corrosion (left hand)
 m - a +6 ring of intelligence (right hand)
Wands
 r - a wand of iceblast (7/15)
Scrolls
 h - a scroll of remove curse {unknown}
 i - a scroll of fear {unknown}
 j - 4 scrolls of teleportation {unknown}
 o - a scroll of noise {unknown}
 p - a scroll of blinking {unknown}
 q - 2 scrolls of identify {unknown}
 v - a scroll of magic mapping {unknown}
Potions
 g - a potion of berserk rage {unknown}
 k - a potion of agility {unknown}
 l - a potion of flight {unknown}
 s - a potion of lignification {unknown}


   Skills:
 * Level 5.1 Fighting
 * Level 4.1 Maces & Flails
 + Level 0.0 Throwing
 + Level 3.9 Armour
 + Level 3.8 Shields


You had 4 spell levels left.
You didn't know any spells.

Dungeon Overview and Level Annotations

Branches:
Dungeon (3/15)
 Temple: D:3-6         Lair: D:-1         Crypt: Vaults:-1     Tomb: Vaults:-1

Altars:
The Shining One

Annotations:
D:3 Grinder


Message History

* * * LOW HITPOINT WARNING * * *
You feel sick. The adder bites you (2).
* * * LOW HITPOINT WARNING * * *
The adder bites you but does no damage.
* * * LOW HITPOINT WARNING * * *
You feel sick. The adder bites you but does no damage.
You can move again.
You closely miss the adder.
The adder is severely wounded.
* * * LOW HITPOINT WARNING * * *
You feel sick. The adder bites you but does no damage.
Grinder hits you but does no damage. You block the adder's attack.
Unknown command.
You closely miss the adder.
The adder is severely wounded.
* * * LOW HITPOINT WARNING * * *
You feel sick. You block the adder's attack. Grinder gestures at you.
Pain shoots through your body!
You die...

#.# ...# #.# #.. .....
## #(# #.. ..... .# #.#
#.# ...... .# #.# #.#
(..... .#
#.######'######......
.###.##........$........
......'...............#
..##.##.........@S....#
..##.##.....(..5......#
..##.##...............#
#.##.##...............#
..##.##...............#
..##.##...............#
.....# ...............#
.....# #######......#
....


You could see Grinder and an adder.

Vanquished Creatures
  Natasha (thrice) (D:2)
  Robin (D:2)
  4 adders
  A leopard gecko (D:1)
  14 goblins
  8 hobgoblins
  8 bats
  2 frilled lizards (D:2)
  6 kobolds
  7 rats
54 creatures vanquished.

Notes
Turn   | Place    | Note
-------+----------+-------------------------------------------
     0 | D:1      | Firecrotchwizard the Hill Orc Fighter began the quest for the Orb.
     0 | D:1      | Reached XP level 1. HP: 19/19 MP: 1/1
   251 | D:1      | Reached XP level 2. HP: 27/27 MP: 2/2
   584 | D:1      | Reached skill level 4 in Fighting
   776 | D:2      | Noticed Robin
   798 | D:2      | Reached XP level 3. HP: 23/33 MP: 3/3
   917 | D:2      | Killed Robin
  1059 | D:2      | Reached XP level 4. HP: 35/41 MP: 4/4
  1179 | D:2      | Found a glowing golden altar of the Shining One.
  1180 | D:2      | Noticed Natasha
  1187 | D:2      | Killed Natasha
  1259 | D:2      | Found a faded altar of an unknown god.
  1328 | D:2      | Noticed Natasha
  1340 | D:2      | Killed Natasha
  1340 | D:2      | Reached XP level 5. HP: 7/47 MP: 5/5
  1342 | D:2      | Reached skill level 5 in Fighting
  1543 | D:2      | Noticed Natasha
  1559 | D:2      | Killed Natasha
  2127 | D:3      | Noticed Grinder
  2131 | D:3      | Paralysed by Grinder for 5 turns
  2148 | D:3      | Paralysed by Grinder for 5 turns
  2154 | D:3      | Killed from afar by Grinder

Vault maps used:
D:1:      dpeg_arrival_solitude
D:2:      first_bread, ecumenical_altar_2, nicolae_tso_carved_into_rock,
          uniq_natasha, uniq_robin
D:3:      uniq_grinder

Skill      XL: |  1  2  3  4  5 |
---------------+----------------+-----
Fighting       | 4 5 |  5.1
Maces & Flails | 3 4 |  4.1
Armour         | |  3.9
Shields        | |  3.8

Action                   |  1- 3 |  4- 6 || total
-------------------------+-------+-------++-------
Melee: Flail             |   120 |    93 ||   213
Throw: Tomahawk          |       |     2 ||     2
  Use: Potion            |       |     1 ||     1
Armor: Scale mail        |    50 |       ||    50
       Chain mail        |    22 |    67 ||    89
Dodge: Dodged            |    35 |    27 ||    62
Block: Shield            |    66 |    56 ||   122
